 Dungeon Sprint DCSS version 0.19-a0-895-gdbd5520 (webtiles) character file.

6300 LORDOFBUTT the Fighter (level 10, -1/84 HPs)
             Began as a Demonspawn Berserker on July 5, 2016.
             Was the Champion of Trog.
             Slain by a catoblepas (12 damage)
             ... in the Dungeon (Sprint IX: "|||||||||||||||||||||||||||||").
             The game lasted 00:03:05 (912 turns).

LORDOFBUTT the Fighter (Demonspawn Berserker)        Turns: 912, Time: 00:03:06

Health: -1/84      AC: 11    Str: 18    XL:     10   Next: 63%
Magic:  3/3        EV:  2    Int: 12    God:    Trog [******]
Gold:   0          SH:  0    Dex: 25    Spells: 0 memorised, 9 levels left

rFire  + . .     SeeInvis .     z - +6 dire flail (antimagic)
rCold  . . .     Gourm    .     m - +2 ring mail
rNeg   + + +     Faith    .     (shield currently unavailable)
rPois  ∞         Spirit   .     (helmet unavailable)
rElec  .         Dismiss  .     (no cloak)
rCorr  .         Reflect  .     n - +0 pair of gloves
SustAt .         Harm     .     o - +0 pair of boots
MR     .....     NoTele   +     (no amulet)
Stlth  ++++......               q - +3 ring of intelligence
                                p - +3 ring of dexterity

@: agile, exhausted, petrified, slowed, not resistant to hostile enchantments,
stealthy
A: horns 3, thin skeletal structure 1, fire resistance 1, frail 1, sense
surroundings 1, powered by death 1, powered by pain 1
a: Berserk, Trog's Hand, Brothers in Arms, Burn Spellbooks, Renounce Religion


You were in the Dungeon.
You worshipped Trog.
Trog was exalted by your worship.
You were near starving.

You visited 1 branch

Inventory:

Hand Weapons
 z - a +6 antimagic dire flail (weapon)
Missiles
 x - 5 poisoned javelins (quivered)
 y - 4 silver javelins
Armour
 m - a +2 ring mail (worn)
 n - a +0 pair of gloves (worn)
 o - a +0 pair of boots (worn)
Jewellery
 p - a +3 ring of dexterity (left hand)
 q - a +3 ring of intelligence (right hand)
 s - a +2 ring of protection
Wands
 k - a wand of iceblast (7/15)
Scrolls
 i - 3 scrolls of blinking
 j - 3 scrolls of remove curse
 t - a scroll of identify
 u - 2 scrolls of enchant armour
 v - 4 scrolls of recharging
 w - a scroll of fog
Potions
 a - 2 potions of brilliance
 b - a potion of resistance
 c - a potion of invisibility
 d - a potion of heal wounds
 e - 6 potions of curing
 f - a potion of haste
 g - 4 potions of magic
 h - a potion of berserk rage
 r - 2 potions of agility
Comestibles
 l - a chunk of flesh


   Skills:
 + Level 14.1 Fighting
 + Level 13.2 Maces & Flails
 + Level 8.5 Armour
 + Level 11.7 Dodging
 + Level 3.4 Stealth


You had 9 spell levels left.
You didn't know any spells.

Dungeon Overview and Level Annotations

Branches:
Dungeon (1/1)

Altars:
Cheibriados
Dithmenos
Elyvilon
Fedhas
Gozag
Hepliaklqana
Kikubaaqudgha
Makhleb
Nemelex Xobeh
Okawaru
Pakellas
Qazlal
Ru
Sif Muna
Trog
Uskayaw
Vehumet
Xom
Yredelemnul
Zin
The Shining One
Beogh
Jiyva
Lugonu


Innate Abilities, Weirdness & Mutations

You have a pair of large horns on your head.
You have a somewhat thin skeletal structure. (Dex +2, Stealth)
You regenerate a little health from kills.
You sometimes gain a little power by taking damage.
Your flesh is heat resistant. (rF+)
You are frail. (-10% HP)
You passively map a small area around you.


Message History

You are engulfed in calcifying dust.
Your hill giant is engulfed in calcifying dust.
The catoblepas breathes a plume of calcifying dust at you.
The blast of calcifying dust hits you!
* * * LOW HITPOINT WARNING * * *
The blast of calcifying dust hits your hill giant.
Some of the chunks of flesh in your inventory have rotted away.
You are engulfed in calcifying dust.
Your hill giant is engulfed in calcifying dust.
The catoblepas gores you!
* * * LOW HITPOINT WARNING * * *
Your hill giant is engulfed in calcifying dust.
Your hill giant is engulfed in calcifying dust.
The catoblepas gores you but does no damage.
The catoblepas gores you but does no damage.
The catoblepas gores you!
* * * LOW HITPOINT WARNING * * *
Your hill giant is no longer petrified.
The catoblepas gores you!!
You die...

*,▓.▓.▓_▓
,
,▓.▓.▓_▓
,* *
▓.▓.▓_▓
▓.▓.▓_▓ ,
▓.▓.▓_▓
▓.▓.▓_▓ *
* *
▓.▓.▓_▓ ,
* ▓C▓.▓'▓
, ▓@▓.▓.▓
* ▓Y▓.▓?▓
▓Y▓.▓|▓
,* *
▓Y▓.▓)▓ *
▓.▓.▓.▓ *
▓.▓.▓.▓ *
▓.▓.▓.▓ *
*
,▓.▓.▓.▓
* ▓.▓(▓


You could see a catoblepas, 2 yaks and a friendly hill giant (berserk).

Vanquished Creatures
  A catoblepas (D)
  4 death yaks (D)
  A hill giant (D)
  A black mamba (D)
  A spiny frog (D)
  A gargoyle (D)
  A shadow (D)
  3 yaks (D)
  3 hippogriffs (D)
  2 water moccasins (D)
  An ice beast (D)
  A sky beast (D)
  A phantom (D)
  2 crocodiles (D)
  6 giant frogs (D)
  A crimson imp (D)
  A hound (D)
  A jelly (D)
  An iguana (D)
  A worker ant (D)
  An adder (D)
  A river rat (D)
  An adder zombie (D)
  2 orcs (D)
  A giant cockroach (D)
  A goblin (D)
  A hobgoblin (D)
  2 giant newts (D)
  A rat (D)
45 creatures vanquished.

Notes
Turn   | Place    | Note
-------+----------+-------------------------------------------
     0 | D        | LORDOFBUTT the Demonspawn Berserker began the quest for the Orb.
     0 | D        | Reached XP level 1. HP: 18/18 MP: 1/1
    14 | D        | Reached ** piety under Trog
    69 | D        | Noticed a crimson imp
    69 | D        | Noticed a worker ant
    72 | D        | Reached *** piety under Trog
    76 | D        | Gained mutation: You have a pair of small horns on your head. [demonic ancestry]
    76 | D        | Reached XP level 2. HP: 25/25 MP: 2/2
    91 | D        | Reached skill level 4 in Fighting
    91 | D        | Reached XP level 3. HP: 5/31 MP: 3/3
   100 | D        | Reached skill level 5 in Fighting
   100 | D        | Reached skill level 5 in Maces & Flails
   100 | D        | Gained mutation: You have a pair of horns on your head. [demonic ancestry]
   100 | D        | Reached XP level 4. HP: 11/39 MP: 4/4
   317 | D        | Found a glowing silver altar of Zin.
   317 | D        | Found a glowing golden altar of the Shining One.
   317 | D        | Found an ancient bone altar of Kikubaaqudgha.
   317 | D        | Found a basalt altar of Yredelemnul.
   317 | D        | Found a shimmering altar of Xom.
   317 | D        | Found a radiant altar of Vehumet.
   321 | D        | Found an iron altar of Okawaru.
   322 | D        | Found a burning altar of Makhleb.
   323 | D        | Found a deep blue altar of Sif Muna.
   324 | D        | Found a bloodstained altar of Trog.
   325 | D        | Found a sparkling altar of Nemelex Xobeh.
   326 | D        | Found a white marble altar of Elyvilon.
   327 | D        | Found a roughly hewn altar of Beogh.
   328 | D        | Found a viscous altar of Jiyva.
   329 | D        | Found a corrupted altar of Lugonu.
   330 | D        | Found a blossoming altar of Fedhas.
   331 | D        | Found a snail-covered altar of Cheibriados.
   332 | D        | Found a shadowy altar of Dithmenos.
   333 | D        | Found a stormy altar of Qazlal.
   334 | D        | Found an opulent altar of Gozag.
   335 | D        | Found a sacrificial altar of Ru.
   336 | D        | Found an oddly glowing altar of Pakellas.
   337 | D        | Found a hide-covered altar of Uskayaw.
   338 | D        | Found a hazy altar of Hepliaklqana.
   397 | D        | Noticed a hill giant
   397 | D        | Noticed a sky beast
   397 | D        | Noticed a phantom
   397 | D        | Noticed a giant frog
   403 | D        | Killed a hill giant
   403 | D        | Reached **** piety under Trog
   403 | D        | Reached skill level 9 in Fighting
   403 | D        | Reached skill level 1 in Stealth
   403 | D        | Gained mutation: You sometimes gain a little power by taking damage. [demonic ancestry]
   403 | D        | Reached XP level 5. HP: 33/52 MP: 5/5
   403 | D        | Reached XP level 6. HP: 37/58 MP: 6/6
   405 | D        | Reached skill level 5 in Armour
   405 | D        | Gained mutation: You have a somewhat thin skeletal structure. (Dex +2, Stealth) [demonic ancestry]
   405 | D        | Reached XP level 7. HP: 41/64 MP: 7/7
   409 | D        | Received a gift from Trog
   411 | D        | Reached skill level 10 in Fighting
   470 | D        | Gained mutation: Your flesh is heat resistant. (rF+) [mutagenic meat]
   473 | D        | Gained mutation: You passively map a small area around you. [mutagenic meat]
   476 | D        | Gained mutation: You are frail. (-10% HP) [mutagenic meat]
   485 | D        | Noticed a shadow
   485 | D        | Noticed a gargoyle
   490 | D        | Killed a shadow
   499 | D        | Killed a gargoyle
   499 | D        | Reached XP level 8. HP: 33/66 MP: 8/8
   502 | D        | Reached ***** piety under Trog
   506 | D        | Reached skill level 11 in Fighting
   614 | D        | Noticed a black mamba
   622 | D        | Killed a black mamba
   622 | D        | Received a gift from Trog
   622 | D        | Reached skill level 10 in Maces & Flails
   628 | D        | Received a gift from Trog
   637 | D        | Reached ****** piety under Trog
   637 | D        | Reached skill level 12 in Fighting
   637 | D        | Gained mutation: You regenerate a little health from kills. [demonic ancestry]
   637 | D        | Reached XP level 9. HP: 65/73 MP: 9/9
   648 | D        | Reached skill level 10 in Dodging
   656 | D        | Noticed a spiny frog
   668 | D        | Killed a spiny frog
   677 | D        | Received a gift from Trog
   685 | D        | Received a gift from Trog
   694 | D        | Reached skill level 13 in Fighting
   856 | D        | Noticed a catoblepas
   856 | D        | Noticed a death yak
   856 | D        | Noticed a death yak
   856 | D        | Noticed a death yak
   856 | D        | Noticed a death yak
   857 | D        | Noticed a catoblepas
   866 | D        | Killed a catoblepas
   866 | D        | Gained mutation: You have a pair of large horns on your head. [demonic ancestry]
   866 | D        | Reached XP level 10. HP: 82/82 MP: 3/10
   881 | D        | Killed a death yak
   881 | D        | Received a gift from Trog
   883 | D        | Killed a death yak
   890 | D        | Killed a death yak
   890 | D        | Reached skill level 14 in Fighting
   904 | D        | Killed a death yak
   912 | D        | Slain by a catoblepas

Vault maps used:
D:        linesprint

Skill      XL: |  1  2  3  4  5  6  7  8  9 10 |
---------------+-------------------------------+-----
Maces & Flails | 3 4 5 8 9 10 12 13 | 13.2
Armour         | 2 4 5 6 7 8 |  8.5
Dodging        | 2 3 6 7 8 9 10 11 | 11.7
Fighting       | 4 5 9 10 12 13 14 | 14.1
Stealth        | 1 2 3 |  3.4

Action                   |  1- 3 |  4- 6 |  7- 9 | 10-12 || total
-------------------------+-------+-------+-------+-------++-------
Melee: Mace              |    30 |       |       |       ||    30
       Headbutt          |     3 |     1 |    33 |    13 ||    50
       Morningstar       |       |     7 |    87 |       ||    94
       Dire flail        |       |       |     8 |    21 ||    29
Invok: Berserk           |     2 |     1 |     3 |       ||     6
       Trog's Hand       |     1 |       |       |       ||     1
       Brothers in Arms  |       |       |       |     1 ||     1
  Use: Potion            |     2 |       |     2 |       ||     4
 Stab: Petrified         |       |       |       |     2 ||     2
  Eat: Bread ration      |       |     1 |       |       ||     1
       Chunk             |       |       |     5 |       ||     5
Armor: Animal skin       |     5 |       |       |       ||     5
       Ring mail         |       |     2 |    20 |     8 ||    30
Dodge: Dodged            |    15 |     4 |    58 |     4 ||    81
